 Dungeon Crawl Stone Soup version 0.22-a0-42-g002c468 (webtiles) character file.

210282 tidbits the Epochal (level 17, -3/132 HPs)
             Began as a Gnoll Necromancer on Jan 5, 2018.
             Was an Elder of Cheibriados.
             Slain by a vault warden
             ... wielding a +6 great mace of draining
              (63 damage)
             ... on level 1 of the Vaults.
             The game lasted 02:53:09 (8904 turns).

tidbits the Epochal (Gnoll Necromancer)             Turns: 8904, Time: 02:53:11

Health: -3/132     AC: 20    Str: 21    XL:     17   Next: 87%
Magic:  23/33      EV: 27    Int: 32    God:    Cheibriados [****..]
Gold:   3123       SH: 18    Dex: 30    Spells: 0/41 levels left

rFire    . . .     SeeInvis +   b - +8 broad axe of the Wilderness {chop, rC+ rN+ SInv}
rCold    + . .     Gourm    .   D - +2 shield
rNeg     + . .     Faith    .   B - +4 troll leather armour
rPois    .         Spirit   .   E - +2 helmet
rElec    .         Reflect  +   C - scarf {repulsion}
rCorr    +         Harm     .   G - +1 pair of gloves of Yfrita {rCorr}
MR       +....                  F - +1 pair of boots {Fly}
Stlth    +++++++...             s - +2 amulet of reflection
HPRegen  1.12/turn              W - ring of wizardry
MPRegen  0.23/turn              N - ring of stealth

@: flying, studying Evocations, drained, repel missiles, very slow
A: distributed training, fangs 1, repulsion field 1, molten scales 1, thin
skeletal structure 1, regeneration 1, screaming 1, strong nose
}: 3/15 runes: barnacled, slimy, gossamer
a: Bend Time, Temporal Distortion, Slouch, Renounce Religion, Stop Flying


You were on level 1 of the Vaults.
You worshipped Cheibriados.
Cheibriados was greatly pleased with you.
You were very full.

You visited 8 branches of the dungeon, and saw 38 of its levels.
You also visited: Labyrinth and Ossuary.

You collected 5695 gold pieces.
You spent 2572 gold pieces at shops.

Inventory:

Hand Weapons
 a - the +9 mace of Courage {elec, rC+ Stlth+}
   (You found it on level 10 of the Dungeon)

   Occasionally, upon striking a foe, it will discharge some electrical energy
   and cause terrible harm.
   It protects you from cold.
   It makes you more stealthy.
 b - the +8 broad axe of the Wilderness (weapon) {chop, rC+ rN+ SInv}
   (You found it on level 5 of the Pits of Slime)

   It inflicts extra damage upon your enemies.
   It protects you from cold.
   It protects you from negative energy.
   It lets you see invisible.
 d - a +2 dagger of flaming
   (You took it off an orc wizard on level 9 of the Dungeon)
Missiles
 j - 3 tomahawks of returning (quivered)
 U - 18 tomahawks
Armour
 B - a +4 troll leather armour (worn)
 C - a scarf of repulsion (worn)
   (You bought it in a shop on level 2 of the Orcish Mines)
 D - a +2 shield (worn)
 E - a +2 helmet (worn)
 F - a +1 pair of boots of flying (worn)
   (You found it on level 5 of the Pits of Slime)
 G - the +1 pair of gloves of Yfrita (worn) {rCorr}
   (You acquired it on level 6 of the Lair of Beasts)

   It protects you from acid and corrosion.
Magical Staves
 R - an uncursed staff of wizardry {!a}
   (You found it on level 5 of the Pits of Slime)
Jewellery
 s - a +2 amulet of reflection (around neck)
   (You found it on level 5 of the Pits of Slime)
 y - an uncursed ring of positive energy
   (You took it off an orc warrior on level 9 of the Dungeon)
 K - an uncursed ring of resist corrosion
   (You found it on level 13 of the Dungeon)
 N - a ring of stealth (right hand)
   (You found it on level 5 of the Pits of Slime)
 P - an uncursed ring of poison resistance
   (You bought it in a shop on level 2 of the Orcish Mines)
 W - a ring of wizardry (left hand)
   (You found it in a labyrinth)
Wands
 f - a wand of flame (28)
 q - a wand of enslavement (33)
 O - a wand of paralysis (20)
 Q - a wand of digging (13)
 Z - a wand of acid (5)
Scrolls
 h - a scroll of brand weapon
 i - a scroll of torment {unknown}
 l - a scroll of magic mapping
 p - 4 scrolls of fear
 r - 15 scrolls of remove curse
 t - 3 scrolls of enchant weapon
 z - 4 scrolls of amnesia
 A - a scroll of fog
 I - 4 scrolls of immolation
 L - 5 scrolls of teleportation
 V - 2 scrolls of blinking
Potions
 g - 5 potions of lignification
 k - a potion of might
 m - 4 potions of ambrosia
 n - 4 potions of heal wounds
 u - 2 potions of resistance
 v - 2 potions of cancellation
 w - 6 potions of curing
 x - 3 potions of brilliance
 H - a potion of agility
 M - 2 potions of mutation {!q}
Books
 e - a book of Fire
   (You found it in a labyrinth)

   Spells                             Type                      Level
   a - Ignite Poison                  Fire/Transmutation/Poison    3
   b - Fireball                       Conjuration/Fire             5
   c - Bolt of Fire                   Conjuration/Fire             6
   d - Ring of Flames                 Charms/Fire                  7
   e - Ignition                       Fire                         8
 S - a manual of Evocations
   (You found it on level 5 of the Pits of Slime)
 Y - a book of Changes
   (You found it on level 5 of the Pits of Slime)

   Spells                             Type                      Level
   a - Beastly Appendage              Transmutation                1
   b - Sticks to Snakes               Transmutation                2
   c - Spider Form                    Transmutation/Poison         3
   d - Ice Form                       Ice/Transmutation            4
   e - Blade Hands                    Transmutation                5
Miscellaneous
 J - a phial of floods
 T - 2 phantom mirrors
Comestibles
 c - 24 rations


   Skills:
 + Level 11.6(11.2) Fighting
 + Level 11.6(11.2) Short Blades
 + Level 11.6(11.2) Long Blades
 + Level 11.6(11.2) Axes
 + Level 11.6(11.2) Maces & Flails
 + Level 11.6(11.2) Polearms
 + Level 11.6(11.2) Staves
 + Level 11.6(11.2) Slings
 + Level 11.6(11.2) Bows
 + Level 11.6(11.2) Crossbows
 + Level 11.6(11.2) Throwing
 + Level 11.6(11.2) Armour
 + Level 12.3(12.0) Dodging
 + Level 12.2(11.9) Stealth
 + Level 11.6(11.2) Shields
 + Level 11.6(11.2) Unarmed Combat
 + Level 12.5(12.1) Spellcasting
 + Level 9.9(9.6) Conjurations
 + Level 9.9(9.6) Hexes
 + Level 9.9(9.6) Charms
 + Level 9.9(9.6) Summonings
 + Level 12.0(11.6) Necromancy
 + Level 9.9(9.6) Translocations
 + Level 9.9(9.6) Transmutations
 + Level 9.9(9.6) Fire Magic
 + Level 9.9(9.6) Ice Magic
 + Level 9.9(9.6) Air Magic
 + Level 9.9(9.6) Earth Magic
 + Level 9.9(9.6) Poison Magic
 + Level 12.5(12.1) Invocations
 + Level 11.7(11.4) Evocations


You couldn't memorise any spells.
You knew the following spells:

 Your Spells              Type           Power        Failure   Level  Hunger
d - Vampiric Draining     Necr           #######...   1%          3    None
h - Blade Hands           Tmut           ######....   1%          5    #......
n - Animate Skeleton      Necr           N/A          1%          1    None
o - Bolt of Fire          Conj/Fire      ######....   5%          6    ####...
r - Regeneration          Chrm/Necr      ######....   1%          3    None
v - Borgnjor's Vile Clut  Necr/Erth      ######....   1%          5    #......
A - Apportation           Tloc           ######       1%          1    None
B - Aura of Abjuration    Summ           ######....   1%          5    #......
F - Sticky Flame          Conj/Fire      ######..     1%          4    None
L - Summon Lightning Spi  Summ/Air       ######..     1%          4    None
N - Animate Dead          Necr           N/A          1%          4    None


Dungeon Overview and Level Annotations

Branches:
Dungeon (15/15)            Temple (1/1) D:7            Lair (6/6) D:9
 Shoals (4/4) Lair:2       Spider (4/4) Lair:2        Slime (5/5) Lair:6
    Orc (2/2) D:12            Elf (0/3) Orc:2        Vaults (1/5) D:13
 Depths (0/5) D:15

Altars:
Ashenzari
Cheibriados
Dithmenos
Elyvilon
Fedhas
Gozag
Kikubaaqudgha
Makhleb
Nemelex Xobeh
Okawaru
Qazlal
Ru
Sif Muna
Trog
Uskayaw
Wu Jian
Yredelemnul
Zin
The Shining One
Beogh
Jiyva

Shops:
D:4 !   Orc:2 [*(


Innate Abilities, Weirdness & Mutations

Your experience applies equally to all skills.
You have very sharp teeth.
Your uncanny sense of smell can sniff out nearby items.
You are surrounded by a mild repulsion field. (EV +2)
You are partially covered in molten scales. (AC +2)
You have a somewhat thin skeletal structure. (Dex +2, Stealth)
Your natural rate of healing is unusually fast.
You occasionally shout uncontrollably at your foes.


Message History

Confirm with . or Enter, or press ? or * to list all spells.
Aiming: Apportation
Press: ? - help, Dir - move target cursor Apport: 5 gold pieces Yoink!
You pull the items towards yourself.
You now have 3123 gold pieces (gained 5).
There is a staircase back to the Dungeon here.
Drop what? 52/52 slots (_ for help) (? for menu, Esc to quit)
Okay, then.
Drop what? 52/52 slots (_ for help) (? for menu, Esc to quit)
Okay, then.
You fly upwards.
Welcome back to the Dungeon!
There is a staircase to the Lair here.
Okay, then.
Things that are here:
a robe; a dagger
There is a stone staircase leading down here.
You fly downwards.
There is a stone staircase leading up here.
There is a stone staircase leading down here.
You fly downwards.
There is a stone staircase leading up here.
There is a stone staircase leading down here.
You fly downwards.
There is a stone staircase leading up here.
There is a stone staircase leading down here.
You fly downwards.
There is a stone staircase leading up here.
There is an open door here.
Things that are here:
26 bolts; a +3 ring of dexterity; an uncursed ring of positive energy Drop what? 52/52 slots (_ for help) (? for menu, Esc to quit)
Okay, then.
Drop what? 52/52 slots (_ for help) (? for menu, Esc to quit)
You drop a book of Ice.
y - an uncursed ring of positive energy
There is a gate to the Vaults here.
Drop what? 52/52 slots (_ for help) (? for menu, Esc to quit)
Okay, then.
Okay, then.
Char dumped successfully.
Memorise Blade Hands, consuming 5 spell levels and leaving 0?
You start memorising the spell.
You continue memorising. x5
You finish memorising.
Spell assigned to 'h'.
Drop what? 52/52 slots (_ for help) (? for menu, Esc to quit)
You drop 4 potions of flight.
You drop a fan of gales.
You insert the barnacled rune into the lock.
With a loud hiss the gate opens wide!
You fly down through the gate.
Welcome to the Vaults!
This branch contains the silver rune of Zot.
There is a gate leading back out of this place here.
Unknown command.
You reach down and open the door.
There is an open door here.
Found a potion of degeneration.
You reach down and open the door.
There is an open door here.
An ironheart preserver comes into view. It is wielding a great mace.
A vault warden and an ironbrand convoker come into view.
The vault warden is wielding a great mace of draining.
You found a shaft!
The ironbrand convoker shouts!
You hear a shout!
The ironbrand convoker gestures at the vault warden while chanting.
The vault warden seems to grow stronger.
The vault warden activates a sealing rune.
A door slams shut!
Unknown command.
A vault sentinel comes into view. It is wielding a falchion.
The ironheart preserver shouts!
You block the ironbrand convoker's attack.
The vault sentinel blows a loud note on a signal horn!
The vault warden misses you.
The ironbrand convoker hits you with a great mace!!
The vault warden hits you with a great mace of draining!!!
* * * LOW HITPOINT WARNING * * *
You partially resist.
You feel drained.
* * * LOW HITPOINT WARNING * * *
You hear a shout! x3
Unknown command.
Unknown command.
You can feel time thicken for a moment.
You feel somewhat less full.
You can no longer step out of the time flow.
Cheibriados lowers the support of your attributes as your movement quickens.
Unknown command.
Casting: Apportation
Confirm with . or Enter, or press ? or * to list all spells.
Aiming: Borgnjor's Vile Clutch
Press: ? - help, Dir - move target cursor, f - vault warden
Aim: a vault warden, wielding a great mace of draining and wearing a plate armour (moderately wounded, unusually strong) Decaying hands burst forth from the earth!
Zombie hands grab the vault warden.
Zombie hands grab the ironbrand convoker.
Zombie hands grab the ironheart preserver.
The zombie hands constrict the vault warden!
The zombie hands constrict the ironheart preserver!
The zombie hands constrict the ironbrand convoker!
The ironbrand convoker begins to recite a word of recall!
The vault warden hits you with a great mace of draining!!!
You die...

......#..........# ....
......#..........#......
......#..........#......
......####+#######......
.................p......
........................
............!...........
................pp......
................@p......
...............^........
##+++################+##


You could see an ironheart preserver, a vault warden, a vault sentinel and an
ironbrand convoker.

Vanquished Creatures
  the Royal Jelly (Slime:5)
  Rupert (D:15)
  11 acid blobs
  Donald (Shoals:4)
  11 azure jellies
  3 ghost moths (Spider:4)
  4 emperor scorpions (Spider:4)
  The ghost of Squigly the Fighter, a journeyman MiBe of Trog (Lair:5)
  3 spark wasps
  A minotaur (Lab)
  5 great orbs of eyes
  10 death oozes
  2 merfolk impalers
  An ogre mage (D:12)
  3 hydras
  3 catoblepae (Lair:6)
  2 centaur warriors
  Erica (Orc:1)
  10 two-headed ogres
  3 death yaks (Lair:6)
  45 slime creatures
  A deep troll (D:13)
  2 wizards (D:15)
  3 sea snakes (Shoals:4)
  An unseen horror (D:11)
  2 orc knights
  A necromancer (D:15)
  A phantasmal warrior (D:13)
  A wolf spider zombie (D:15)
  A lindwurm (Lair:3)
  5 harpies (Shoals:3)
  2 shining eyes
  3 orb spiders (Spider:4)
  3 deep elf magi
  2 orc sorcerers (Orc:2)
  An ugly thing (D:14)
  A cyclops (D:13)
  A cyclops (shapeshifter) (D:13)
  3 fauns (Shoals:4)
  A moth of wrath (Spider:4)
  5 elephants (Lair:3)
  12 wolf spiders
  A merfolk siren (Shoals:4)
  5 manticores
  A black mamba (Lair:6)
  A torpor snail (Spider:4)
  3 spiny frogs
  A gargoyle (D:13)
  2 eyes of devastation
  3 komodo dragons
  3 kobold demonologists
  A tengu conjurer (D:14)
  6 demonic crawlers
  11 jumping spiders
  5 merfolk
  6 trolls
  5 hornets
  6 blink frogs (Lair:6)
  A snapping turtle (Shoals:1)
  A hippogriff (Shoals:4)
  18 tarantellas
  2 water elementals
  6 wyverns
  A basilisk (Lair:5)
  3 shadows (Lab)
  24 yaks
  2 wraiths
  32 redbacks
  7 golden eyes
  2 humans (D:12)
  Grum (D:9)
  A hungry ghost (D:13)
  A warg (Orc:2)
  An acid dragon (D:12)
  5 water moccasins
  A soldier ant (D:11)
  2 porcupines
  A swamp drake (D:9)
  2 ice beasts
  3 phantoms
  31 orc warriors
  A sky beast (D:8)
  7 eyes of draining
  7 ogres
  20 centaurs
  3 wolves (D:9)
  4 crocodiles
  3 big kobolds
  2 bullfrogs (D:14)
  4 scorpions
  3 killer bees (D:12)
  2 wights (D:12)
  An electric eel (Spider:4)
  A crimson imp (D:9)
  5 centaur zombies
  2 quasits
  A bullfrog zombie (D:9)
  6 hounds
  3 centaur skeletons
  3 jellies (Slime:3)
  20 orc wizards
  2 orc priests
  A bullfrog skeleton (D:6)
  3 iguanas
  6 worker ants
  A hound zombie (D:9)
  A hound skeleton (D:6)
  3 mummies (Ossuary)
  A worker ant zombie (D:9)
  4 gnolls (D:7)
  A howler monkey skeleton (D:4)
  8 adders
  2 shadow imps
  3 oozes
  2 adder skeletons
  5 worms
  3 leopard geckos
  52 orcs
  4 giant cockroaches
  3 goblins
  5 hobgoblins
  2 jackals (D:4)
  9 kobolds
  A ball python (D:2)
  2 bats (D:3)
  3 frilled lizards
  2 gnoll zombies (Ossuary)
  3 goblin zombies (Ossuary)
  5 hobgoblin zombies (Ossuary)
  5 kobold zombies (Ossuary)
  An orc zombie (Ossuary)
  2 rats (D:1)
  4 plants
629 creatures vanquished.

Vanquished Creatures (collateral kills)
  8 acid blobs
  2 azure jellies (Slime:5)
  2 emperor scorpions (Spider:4)
  3 death oozes (Slime:5)
  A great orb of eyes (Slime:5)
  A death yak (Lair:6)
  2 two-headed ogres
  4 orb spiders
  A shining eye (Slime:2)
  A wolf spider (Spider:4)
  An eye of devastation (Slime:5)
  A demonic crawler (Spider:4)
  2 jumping spiders
  3 blink frogs (Lair:6)
  13 slime creatures
  2 tarantellas (Spider:4)
  A wyvern (Lair:6)
  7 redbacks
  A yak (Lair:6)
  A hungry ghost (D:12)
  4 orc warriors (Orc:2)
  A bullfrog (D:12)
  A wight (D:12)
  An orc priest (D:9)
  3 orc wizards
  A bullfrog skeleton (D:12)
  A shadow imp (D:12)
  A worm (D:4)
  6 orcs
  A jackal (D:4)
  A kobold (D:12)
78 creatures vanquished.

Vanquished Creatures (others)
  An emperor scorpion (Spider:4)
  A two-headed ogre (D:12)
  An orc warrior (Orc:2)
  A slime creature (Slime:4)
  An orc priest (D:6)
  An orc (Orc:2)
  2 fungi
  8 plants
16 creatures vanquished.

Grand Total: 723 creatures vanquished

Notes
Turn   | Place    | Note
-------+----------+-------------------------------------------
     0 | D:1      | tidbits the Gnoll Necromancer began the quest for the Orb.
     0 | D:1      | Reached XP level 1. HP: 13/13 MP: 6/6
   170 | D:1      | Reached XP level 2. HP: 12/19 MP: 7/7
   173 | D:1      | Learned a level 1 spell: Animate Skeleton
   266 | D:2      | Found a white marble altar of Elyvilon.
   494 | D:3      | Found a sacrificial altar of Ru.
   495 | D:3      | Found a basalt altar of Yredelemnul.
   496 | D:3      | Found a stormy altar of Qazlal.
   496 | D:3      | Found a hide-covered altar of Uskayaw.
   580 | D:3      | Reached XP level 3. HP: 23/25 MP: 5/9
   585 | D:3      | Learned a level 3 spell: Vampiric Draining
   589 | D:3      | Learned a level 3 spell: Regeneration
   595 | D:3      | Reached skill level 5 in Spellcasting
   645 | D:3      | Reached skill level 1 in Invocations
   729 | D:3      | Reached skill level 1 in Fighting
   729 | D:3      | Reached skill level 1 in Short Blades
   729 | D:3      | Reached skill level 1 in Long Blades
   729 | D:3      | Reached skill level 1 in Axes
   729 | D:3      | Reached skill level 1 in Maces & Flails
   729 | D:3      | Reached skill level 1 in Polearms
   729 | D:3      | Reached skill level 1 in Staves
   729 | D:3      | Reached skill level 1 in Slings
   729 | D:3      | Reached skill level 1 in Bows
   729 | D:3      | Reached skill level 1 in Crossbows
   729 | D:3      | Reached skill level 1 in Throwing
   729 | D:3      | Reached skill level 1 in Armour
   729 | D:3      | Reached skill level 1 in Shields
   729 | D:3      | Reached skill level 1 in Unarmed Combat
   729 | D:3      | Reached skill level 1 in Evocations
   729 | D:3      | Reached XP level 4. HP: 13/32 MP: 7/11
   768 | D:4      | Noticed a phantom
   791 | D:3      | Reached skill level 1 in Conjurations
   791 | D:3      | Reached skill level 1 in Hexes
   791 | D:3      | Reached skill level 1 in Charms
   791 | D:3      | Reached skill level 1 in Summonings
   791 | D:3      | Reached skill level 1 in Translocations
   791 | D:3      | Reached skill level 1 in Transmutations
   791 | D:3      | Reached skill level 1 in Fire Magic
   791 | D:3      | Reached skill level 1 in Ice Magic
   791 | D:3      | Reached skill level 1 in Air Magic
   791 | D:3      | Reached skill level 1 in Earth Magic
   791 | D:3      | Reached skill level 1 in Poison Magic
   914 | D:4      | Got a fine leather armour
   925 | D:4      | Identified the cursed +1 leather armour of Pride {+Blink Str+3 Dex+3} (You found it on level 4 of the Dungeon)
   963 | D:4      | Reached XP level 5. HP: 28/37 MP: 6/12
   989 | D:5      | Entered Level 5 of the Dungeon
   989 | D:5      | Noticed a sky beast
  1102 | D:4      | Found Qiusenai's Distillery.
  1106 | D:4      | Bought a potion of curing for 39 gold pieces
  1106 | D:4      | Bought a potion of brilliance for 52 gold pieces
  1106 | D:4      | Bought a potion of mutation for 104 gold pieces
  1106 | D:4      | Gained mutation: You are surrounded by a mild repulsion field. (EV +2) [potion of mutation]
  1106 | D:4      | Gained mutation: Your natural rate of healing is unusually fast. [potion of mutation]
  1106 | D:4      | Gained mutation: You have a somewhat thin skeletal structure. (Dex +2, Stealth) [potion of mutation]
  1106 | D:4      | Gained mutation: You are partially covered in molten scales. (AC +2) [potion of mutation]
  1128 | D:4      | Reached XP level 6. HP: 27/44 MP: 2/13
  1177 | D:4      | Reached skill level 2 in Invocations
  1215 | D:4      | Killed a phantom
  1215 | D:4      | Reached skill level 2 in Fighting
  1215 | D:4      | Reached skill level 2 in Short Blades
  1215 | D:4      | Reached skill level 2 in Long Blades
  1215 | D:4      | Reached skill level 2 in Axes
  1215 | D:4      | Reached skill level 2 in Maces & Flails
  1215 | D:4      | Reached skill level 2 in Polearms
  1215 | D:4      | Reached skill level 2 in Staves
  1215 | D:4      | Reached skill level 2 in Slings
  1215 | D:4      | Reached skill level 2 in Bows
  1215 | D:4      | Reached skill level 2 in Crossbows
  1215 | D:4      | Reached skill level 2 in Throwing
  1215 | D:4      | Reached skill level 2 in Armour
  1215 | D:4      | Reached skill level 5 in Dodging
  1215 | D:4      | Reached skill level 2 in Shields
  1215 | D:4      | Reached skill level 2 in Unarmed Combat
  1215 | D:4      | Reached skill level 2 in Evocations
  1317 | D:5      | Reached XP level 7. HP: 49/50 MP: 11/15
  1451 | D:5      | Reached skill level 2 in Conjurations
  1451 | D:5      | Reached skill level 2 in Hexes
  1451 | D:5      | Reached skill level 2 in Charms
  1451 | D:5      | Reached skill level 2 in Summonings
  1451 | D:5      | Reached skill level 2 in Translocations
  1451 | D:5      | Reached skill level 2 in Transmutations
  1451 | D:5      | Reached skill level 2 in Fire Magic
  1451 | D:5      | Reached skill level 2 in Ice Magic
  1451 | D:5      | Reached skill level 2 in Air Magic
  1451 | D:5      | Reached skill level 2 in Earth Magic
  1451 | D:5      | Reached skill level 2 in Poison Magic
  1508 | D:5      | Found an ancient bone altar of Kikubaaqudgha.
  1508 | D:5      | Found a sparkling altar of Nemelex Xobeh.
  1593 | D:6      | Reached skill level 5 in Stealth
  1625 | D:6      | Reached skill level 3 in Invocations
  1772 | D:6      | Reached XP level 8. HP: 55/57 MP: 13/16
  1824 | D:7      | Found a staircase to the Ecumenical Temple.
  1835 | Temple   | Entered the Ecumenical Temple
  1878 | Temple   | Became a worshipper of Cheibriados the Contemplative
  1931 | D:7      | Reached skill level 3 in Fighting
  1931 | D:7      | Reached skill level 3 in Short Blades
  1931 | D:7      | Reached skill level 3 in Long Blades
  1931 | D:7      | Reached skill level 3 in Axes
  1931 | D:7      | Reached skill level 3 in Maces & Flails
  1931 | D:7      | Reached skill level 3 in Polearms
  1931 | D:7      | Reached skill level 3 in Staves
  1931 | D:7      | Reached skill level 3 in Slings
  1931 | D:7      | Reached skill level 3 in Bows
  1931 | D:7      | Reached skill level 3 in Crossbows
  1931 | D:7      | Reached skill level 3 in Throwing
  1931 | D:7      | Reached skill level 3 in Armour
  1931 | D:7      | Reached skill level 3 in Shields
  1931 | D:7      | Reached skill level 3 in Unarmed Combat
  1931 | D:7      | Reached skill level 3 in Evocations
  2011 | D:8      | Found an ornate altar of the Wu Jian Council.
  2056 | D:8      | Noticed a wyvern
  2075 | D:8      | Killed a wyvern
  2075 | D:8      | Reached skill level 6 in Spellcasting
  2088 | D:8      | Learned a level 4 spell: Animate Dead
  2094 | D:8      | Learned a level 5 spell: Borgnjor's Vile Clutch
  2108 | D:9      | Noticed a troll
  2121 | D:9      | Reached * piety under Cheibriados
  2126 | D:9      | Killed a troll
  2279 | D:8      | Reached skill level 3 in Conjurations
  2279 | D:8      | Reached skill level 3 in Hexes
  2279 | D:8      | Reached skill level 3 in Charms
  2279 | D:8      | Reached skill level 3 in Summonings
  2279 | D:8      | Reached skill level 3 in Translocations
  2279 | D:8      | Reached skill level 3 in Transmutations
  2279 | D:8      | Reached skill level 3 in Fire Magic
  2279 | D:8      | Reached skill level 3 in Ice Magic
  2279 | D:8      | Reached skill level 3 in Air Magic
  2279 | D:8      | Reached skill level 3 in Earth Magic
  2279 | D:8      | Reached skill level 3 in Poison Magic
  2279 | D:8      | Reached skill level 4 in Invocations
  2438 | D:8      | Reached XP level 9. HP: 63/65 MP: 11/18
  2493 | D:8      | Reached skill level 6 in Dodging
  2526 | D:8      | Found a sand-covered staircase.
  2535 | Ossuary  | Entered an ossuary
  2843 | D:9      | Noticed Grum
  2846 | D:9      | Reached skill level 4 in Fighting
  2846 | D:9      | Reached skill level 4 in Short Blades
  2846 | D:9      | Reached skill level 4 in Long Blades
  2846 | D:9      | Reached skill level 4 in Axes
  2846 | D:9      | Reached skill level 4 in Maces & Flails
  2846 | D:9      | Reached skill level 4 in Polearms
  2846 | D:9      | Reached skill level 4 in Staves
  2846 | D:9      | Reached skill level 4 in Slings
  2846 | D:9      | Reached skill level 4 in Bows
  2846 | D:9      | Reached skill level 4 in Crossbows
  2846 | D:9      | Reached skill level 4 in Throwing
  2846 | D:9      | Reached skill level 4 in Armour
  2846 | D:9      | Reached skill level 4 in Shields
  2846 | D:9      | Reached skill level 4 in Unarmed Combat
  2846 | D:9      | Reached skill level 4 in Evocations
  2847 | D:9      | Killed Grum
  2847 | D:9      | Reached ** piety under Cheibriados
  2847 | D:9      | Reached skill level 6 in Stealth
  2847 | D:9      | Reached skill level 8 in Necromancy
  2940 | D:9      | Found an iron altar of Okawaru.
  3013 | D:9      | Reached skill level 5 in Invocations
  3030 | D:10     | Entered Level 10 of the Dungeon
  3293 | D:9      | Reached *** piety under Cheibriados
  3293 | D:9      | Reached skill level 7 in Spellcasting
  3293 | D:9      | Reached XP level 10. HP: 73/73 MP: 14/20
  3374 | D:9      | Reached skill level 4 in Conjurations
  3374 | D:9      | Reached skill level 4 in Hexes
  3374 | D:9      | Reached skill level 4 in Charms
  3374 | D:9      | Reached skill level 4 in Summonings
  3374 | D:9      | Reached skill level 4 in Translocations
  3374 | D:9      | Reached skill level 4 in Transmutations
  3374 | D:9      | Reached skill level 4 in Fire Magic
  3374 | D:9      | Reached skill level 4 in Ice Magic
  3374 | D:9      | Reached skill level 4 in Air Magic
  3374 | D:9      | Reached skill level 4 in Earth Magic
  3374 | D:9      | Reached skill level 4 in Poison Magic
  3380 | D:9      | Found a staircase to the Lair.
  3427 | D:11     | Noticed a two-headed ogre
  3431 | D:11     | Killed a two-headed ogre
  3431 | D:11     | Reached skill level 5 in Fighting
  3431 | D:11     | Reached skill level 5 in Short Blades
  3431 | D:11     | Reached skill level 5 in Long Blades
  3431 | D:11     | Reached skill level 5 in Axes
  3431 | D:11     | Reached skill level 5 in Maces & Flails
  3431 | D:11     | Reached skill level 5 in Polearms
  3431 | D:11     | Reached skill level 5 in Staves
  3431 | D:11     | Reached skill level 5 in Slings
  3431 | D:11     | Reached skill level 5 in Bows
  3431 | D:11     | Reached skill level 5 in Crossbows
  3431 | D:11     | Reached skill level 5 in Throwing
  3431 | D:11     | Reached skill level 5 in Armour
  3431 | D:11     | Reached skill level 5 in Shields
  3431 | D:11     | Reached skill level 5 in Unarmed Combat
  3431 | D:11     | Reached skill level 5 in Evocations
  3453 | D:11     | Noticed a six-headed hydra
  3458 | D:11     | Killed a six-headed hydra
  3458 | D:11     | Reached skill level 7 in Dodging
  3464 | D:11     | Reached skill level 6 in Invocations
  3496 | D:11     | Noticed a two-headed ogre
  3499 | D:11     | Killed a two-headed ogre
  3499 | D:11     | Reached skill level 7 in Stealth
  3528 | D:12     | Noticed a manticore
  3534 | D:12     | Killed a manticore
  3578 | D:12     | Noticed a two-headed ogre
  3578 | D:12     | Noticed a two-headed ogre
  3579 | D:12     | Noticed an ogre mage
  3579 | D:12     | Noticed a two-headed ogre
  3579 | D:12     | Noticed a two-headed ogre
  3581 | D:12     | Noticed a two-headed ogre
  3582 | D:12     | Noticed a two-headed ogre
  3582 | D:12     | Noticed a two-headed ogre
  3586 | D:12     | Killed a two-headed ogre
  3586 | D:12     | Reached XP level 11. HP: 39/81 MP: 13/22
  3587 | D:12     | Killed a two-headed ogre
  3590 | D:12     | Killed a two-headed ogre
  3590 | D:12     | Reached skill level 6 in Fighting
  3590 | D:12     | Reached skill level 6 in Short Blades
  3590 | D:12     | Reached skill level 6 in Long Blades
  3590 | D:12     | Reached skill level 6 in Axes
  3590 | D:12     | Reached skill level 6 in Maces & Flails
  3590 | D:12     | Reached skill level 6 in Polearms
  3590 | D:12     | Reached skill level 6 in Staves
  3590 | D:12     | Reached skill level 6 in Slings
  3590 | D:12     | Reached skill level 6 in Bows
  3590 | D:12     | Reached skill level 6 in Crossbows
  3590 | D:12     | Reached skill level 6 in Throwing
  3590 | D:12     | Reached skill level 6 in Armour
  3590 | D:12     | Reached skill level 6 in Shields
  3590 | D:12     | Reached skill level 6 in Unarmed Combat
  3590 | D:12     | Reached skill level 5 in Conjurations
  3590 | D:12     | Reached skill level 5 in Hexes
  3590 | D:12     | Reached skill level 5 in Charms
  3590 | D:12     | Reached skill level 5 in Summonings
  3590 | D:12     | Reached skill level 5 in Translocations
  3590 | D:12     | Reached skill level 5 in Transmutations
  3590 | D:12     | Reached skill level 5 in Fire Magic
  3590 | D:12     | Reached skill level 5 in Ice Magic
  3590 | D:12     | Reached skill level 5 in Air Magic
  3590 | D:12     | Reached skill level 5 in Earth Magic
  3590 | D:12     | Reached skill level 5 in Poison Magic
  3590 | D:12     | Reached skill level 6 in Evocations
  3591 | D:12     | Killed a two-headed ogre
  3591 | D:12     | Reached skill level 8 in Spellcasting
  3592 | D:12     | Killed an ogre mage
  3594 | D:12     | Killed a two-headed ogre
  3594 | D:12     | Reached skill level 9 in Necromancy
  3594 | D:12     | Reached skill level 7 in Invocations
  3594 | D:12     | Killed a two-headed ogre
  3594 | D:12     | Reached skill level 8 in Dodging
  3642 | D:12     | Found an iron altar of Okawaru.
  3686 | D:12     | Found a staircase to the Orcish Mines.
  3688 | D:12     | Reached **** piety under Cheibriados
  3711 | D:12     | Noticed a two-headed ogre
  3714 | D:12     | Killed a two-headed ogre
  3732 | D:12     | Reached skill level 8 in Stealth
  3775 | D:12     | Found a labyrinth entrance.
  3784 | Lab      | Entered a labyrinth
  3806 | Lab      | Reached XP level 12. HP: 89/89 MP: 24/24
  4053 | Lab      | Noticed a minotaur
  4054 | Lab      | Killed a minotaur
  4058 | Lab      | Learned a level 1 spell: Apportation
  4063 | Lab      | Got an obsidian-studded scale mail
  4063 | Lab      | Got a twisted leather armour
  4064 | Lab      | Identified the cursed +1 scale mail "Zeercheodgh" {rElec MR- SInv Stlth+} (You found it in a labyrinth)
  4079 | Lab      | Identified the +1 leather armour "Vuesoa Vyrep" {rC++ Int+4} (You found it in a labyrinth)
  4154 | Orc:1    | Entered Level 1 of the Orcish Mines
  4154 | Orc:1    | Noticed Erica
  4157 | Orc:1    | Killed Erica
  4174 | Orc:2    | Entered Level 2 of the Orcish Mines
  4178 | Orc:2    | Found a staircase to the Elven Halls.
  4190 | Orc:2    | Noticed a two-headed ogre
  4203 | Orc:2    | Killed a two-headed ogre
  4203 | Orc:2    | Reached skill level 7 in Fighting
  4203 | Orc:2    | Reached skill level 7 in Short Blades
  4203 | Orc:2    | Reached skill level 7 in Long Blades
  4203 | Orc:2    | Reached skill level 7 in Axes
  4203 | Orc:2    | Reached skill level 7 in Maces & Flails
  4203 | Orc:2    | Reached skill level 7 in Polearms
  4203 | Orc:2    | Reached skill level 7 in Staves
  4203 | Orc:2    | Reached skill level 7 in Slings
  4203 | Orc:2    | Reached skill level 7 in Bows
  4203 | Orc:2    | Reached skill level 7 in Crossbows
  4203 | Orc:2    | Reached skill level 7 in Throwing
  4203 | Orc:2    | Reached skill level 7 in Armour
  4203 | Orc:2    | Reached skill level 7 in Shields
  4203 | Orc:2    | Reached skill level 7 in Unarmed Combat
  4203 | Orc:2    | Reached skill level 7 in Evocations
  4230 | Orc:1    | Reached ***** piety under Cheibriados
  4372 | Orc:2    | Reached skill level 6 in Conjurations
  4372 | Orc:2    | Reached skill level 6 in Hexes
  4372 | Orc:2    | Reached skill level 6 in Charms
  4372 | Orc:2    | Reached skill level 6 in Summonings
  4372 | Orc:2    | Reached skill level 6 in Translocations
  4372 | Orc:2    | Reached skill level 6 in Transmutations
  4372 | Orc:2    | Reached skill level 6 in Fire Magic
  4372 | Orc:2    | Reached skill level 6 in Ice Magic
  4372 | Orc:2    | Reached skill level 6 in Air Magic
  4372 | Orc:2    | Reached skill level 6 in Earth Magic
  4372 | Orc:2    | Reached skill level 6 in Poison Magic
  4472 | Orc:2    | Reached skill level 8 in Invocations
  4473 | Orc:2    | Reached skill level 9 in Spellcasting
  4534 | Orc:2    | Found Iticzep's General Store.
  4534 | Orc:2    | Found Peptutt's Magic Scroll Boutique.
  4537 | Orc:2    | Found Gox Teewk's Antique Weapon Shoppe.
  4539 | Orc:2    | Found Keapsaz's Armour Shop.
  4550 | Orc:2    | Bought a scroll of acquirement for 624 gold pieces
  4552 | Orc:2    | tidbits: acquired 3190 gold
  4552 | Orc:2    | Bought a scroll of fear for 42 gold pieces
  4552 | Orc:2    | Bought a scroll of blinking for 90 gold pieces
  4552 | Orc:2    | Bought a scroll of enchant armour for 90 gold pieces
  4552 | Orc:2    | Bought a scroll of remove curse for 36 gold pieces
  4552 | Orc:2    | Bought a scroll of fog for 24 gold pieces
  4552 | Orc:2    | Bought a scroll of summoning for 114 gold pieces
  4552 | Orc:2    | Bought a scroll of amnesia for 42 gold pieces
  4552 | Orc:2    | Bought a scroll of magic mapping for 42 gold pieces
  4552 | Orc:2    | Bought a scroll of remove curse for 36 gold pieces
  4555 | Orc:2    | Bought a scroll of identify for 36 gold pieces
  4555 | Orc:2    | Bought a scroll of immolation for 63 gold pieces
  4555 | Orc:2    | Bought a scroll of immolation for 63 gold pieces
  4555 | Orc:2    | Bought a scroll of identify for 36 gold pieces
  4559 | Orc:2    | Bought a runed war axe for 156 gold pieces
  4559 | Orc:2    | Bought a shimmering battleaxe for 276 gold pieces
  4567 | Orc:2    | Identified the cursed +0 battleaxe "Demonbane" {elec, rElec rPois Int+2} (You bought it in a shop on level 2 of the Orcish Mines)
  4572 | Orc:2    | Bought an uncursed ring of poison resistance for 360 gold pieces
  4580 | Orc:2    | Bought a scarf of repulsion for 180 gold pieces
  4580 | Orc:2    | Bought a +0 shield for 67 gold pieces
  4612 | Orc:2    | Noticed a two-headed ogre
  4620 | Orc:2    | Killed a two-headed ogre
  4642 | Orc:2    | Noticed a two-headed ogre
  4653 | Orc:2    | Reached skill level 9 in Dodging
  4654 | Orc:2    | Killed a two-headed ogre
  4670 | Orc:2    | Found a roughly hewn altar of Beogh.
  4680 | Orc:2    | Reached XP level 13. HP: 98/98 MP: 5/26
  4903 | D:14     | Reached skill level 9 in Stealth
  4951 | D:15     | Entered Level 15 of the Dungeon
  5092 | D:15     | Reached skill level 8 in Fighting
  5092 | D:15     | Reached skill level 8 in Short Blades
  5092 | D:15     | Reached skill level 8 in Long Blades
  5092 | D:15     | Reached skill level 8 in Axes
  5092 | D:15     | Reached skill level 8 in Maces & Flails
  5092 | D:15     | Reached skill level 8 in Polearms
  5092 | D:15     | Reached skill level 8 in Staves
  5092 | D:15     | Reached skill level 8 in Slings
  5092 | D:15     | Reached skill level 8 in Bows
  5092 | D:15     | Reached skill level 8 in Crossbows
  5092 | D:15     | Reached skill level 8 in Throwing
  5092 | D:15     | Reached skill level 8 in Armour
  5092 | D:15     | Reached skill level 8 in Shields
  5092 | D:15     | Reached skill level 8 in Unarmed Combat
  5092 | D:15     | Reached skill level 8 in Evocations
  5174 | D:15     | Noticed Rupert
  5182 | D:15     | Killed Rupert
  5248 | D:15     | Reached skill level 9 in Invocations
  5257 | D:15     | Found a staircase to the Depths.
  5265 | D:15     | Reached skill level 10 in Necromancy
  5355 | D:13     | Reached skill level 7 in Conjurations
  5355 | D:13     | Reached skill level 7 in Hexes
  5355 | D:13     | Reached skill level 7 in Charms
  5355 | D:13     | Reached skill level 7 in Summonings
  5355 | D:13     | Reached skill level 7 in Translocations
  5355 | D:13     | Reached skill level 7 in Transmutations
  5355 | D:13     | Reached skill level 7 in Fire Magic
  5355 | D:13     | Reached skill level 7 in Ice Magic
  5355 | D:13     | Reached skill level 7 in Air Magic
  5355 | D:13     | Reached skill level 7 in Earth Magic
  5355 | D:13     | Reached skill level 7 in Poison Magic
  5389 | D:13     | Got a colourful robe
  5513 | D:13     | Found a gate to the Vaults.
  5630 | D:10     | Got a dazzling mace
  5631 | D:10     | Identified the +9 mace of Courage {elec, rC+ Stlth+} (You found it on level 10 of the Dungeon)
  5660 | Lair:1   | Entered Level 1 of the Lair of Beasts
  5677 | Lair:2   | Found a staircase to the Shoals.
  5684 | Shoals:1 | Entered Level 1 of the Shoals
  5698 | Shoals:1 | Reached skill level 10 in Spellcasting
  5764 | Shoals:3 | Reached XP level 14. HP: 106/106 MP: 28/28
  5774 | Shoals:4 | Entered Level 4 of the Shoals
  5810 | Shoals:4 | Noticed Donald
  5817 | Shoals:4 | Killed Donald
  5824 | Shoals:4 | Reached skill level 10 in Dodging
  5890 | Shoals:3 | Reached skill level 9 in Fighting
  5890 | Shoals:3 | Reached skill level 9 in Short Blades
  5890 | Shoals:3 | Reached skill level 9 in Long Blades
  5890 | Shoals:3 | Reached skill level 9 in Axes
  5890 | Shoals:3 | Reached skill level 9 in Maces & Flails
  5890 | Shoals:3 | Reached skill level 9 in Polearms
  5890 | Shoals:3 | Reached skill level 9 in Staves
  5890 | Shoals:3 | Reached skill level 9 in Slings
  5890 | Shoals:3 | Reached skill level 9 in Bows
  5890 | Shoals:3 | Reached skill level 9 in Crossbows
  5890 | Shoals:3 | Reached skill level 9 in Throwing
  5890 | Shoals:3 | Reached skill level 9 in Armour
  5890 | Shoals:3 | Reached skill level 9 in Shields
  5890 | Shoals:3 | Reached skill level 9 in Unarmed Combat
  5890 | Shoals:3 | Reached skill level 9 in Evocations
  5938 | Shoals:4 | Got a barnacled rune of Zot
  5947 | Shoals:4 | Reached skill level 10 in Stealth
  6100 | Lair:2   | Found a hole to the Spider Nest.
  6117 | Spider:1 | Entered Level 1 of the Spider Nest
  6157 | Spider:1 | Reached skill level 10 in Invocations
  6331 | Spider:3 | Identified the cursed +0 robe of the Locust {+Inv rN+ Str+2 Slay-4} (You found it on level 13 of the Dungeon)
  6373 | Spider:4 | Entered Level 4 of the Spider Nest
  6467 | Spider:3 | Reached ****** piety under Cheibriados
  6496 | Spider:3 | Learned a level 4 spell: Summon Lightning Spire
  6520 | Spider:4 | Noticed an emperor scorpion
  6529 | Spider:4 | Killed an emperor scorpion
  6597 | Spider:4 | Got a steaming hand crossbow
  6598 | Spider:4 | Identified the +11 hand crossbow of Extermination {speed, rElec rF- Dex+7} (You found it on level 4 of the Spider Nest)
  6643 | Spider:4 | Reached skill level 8 in Conjurations
  6643 | Spider:4 | Reached skill level 8 in Hexes
  6643 | Spider:4 | Reached skill level 8 in Charms
  6643 | Spider:4 | Reached skill level 8 in Summonings
  6643 | Spider:4 | Reached skill level 8 in Translocations
  6643 | Spider:4 | Reached skill level 8 in Transmutations
  6643 | Spider:4 | Reached skill level 8 in Fire Magic
  6643 | Spider:4 | Reached skill level 8 in Ice Magic
  6643 | Spider:4 | Reached skill level 8 in Air Magic
  6643 | Spider:4 | Reached skill level 8 in Earth Magic
  6643 | Spider:4 | Reached skill level 8 in Poison Magic
  6652 | Spider:4 | Reached XP level 15. HP: 76/114 MP: 11/29
  6668 | Spider:4 | Noticed an emperor scorpion
  6689 | Spider:4 | Killed an emperor scorpion
  6724 | Spider:4 | Learned a level 4 spell: Sticky Flame
  6726 | Spider:4 | Noticed an emperor scorpion
  6737 | Spider:4 | Killed an emperor scorpion
  6760 | Spider:4 | Noticed an emperor scorpion
  6764 | Spider:4 | Noticed an emperor scorpion
  6765 | Spider:4 | Killed a ghost moth
  6768 | Spider:4 | Noticed an emperor scorpion
  6782 | Spider:4 | Killed a ghost moth
  6789 | Spider:4 | Killed an emperor scorpion
  6796 | Spider:4 | Killed an emperor scorpion
  6796 | Spider:4 | Reached skill level 11 in Spellcasting
  6817 | Spider:4 | Got a gossamer rune of Zot
  6828 | Spider:4 | Noticed an emperor scorpion
  6841 | Spider:4 | Killed a ghost moth
  6848 | Spider:4 | Killed an emperor scorpion
  6958 | Spider:1 | Reached skill level 10 in Fighting
  6958 | Spider:1 | Reached skill level 10 in Short Blades
  6958 | Spider:1 | Reached skill level 10 in Long Blades
  6958 | Spider:1 | Reached skill level 10 in Axes
  6958 | Spider:1 | Reached skill level 10 in Maces & Flails
  6958 | Spider:1 | Reached skill level 10 in Polearms
  6958 | Spider:1 | Reached skill level 10 in Staves
  6958 | Spider:1 | Reached skill level 10 in Slings
  6958 | Spider:1 | Reached skill level 10 in Bows
  6958 | Spider:1 | Reached skill level 10 in Crossbows
  6958 | Spider:1 | Reached skill level 10 in Throwing
  6958 | Spider:1 | Reached skill level 10 in Armour
  6958 | Spider:1 | Reached skill level 10 in Shields
  6958 | Spider:1 | Reached skill level 10 in Unarmed Combat
  6958 | Spider:1 | Reached skill level 10 in Evocations
  7027 | Spider:1 | Reached skill level 11 in Dodging
  7121 | Lair:3   | Reached skill level 11 in Necromancy
  7151 | Lair:3   | Reached skill level 11 in Invocations
  7163 | Lair:3   | You fall through a shaft for 3 floors!
  7163 | Lair:6   | Entered Level 6 of the Lair of Beasts
  7163 | Lair:6   | Found a viscous altar of Jiyva.
  7164 | Lair:6   | Found a staircase to the Slime Pits.
  7211 | Lair:6   | Learned a level 5 spell: Fireball
  7218 | Lair:6   | Learned a level 6 spell: Bolt of Fire
  7219 | Slime:1  | Entered Level 1 of the Pits of Slime
  7228 | Slime:1  | Noticed an azure jelly
  7230 | Slime:1  | Noticed an acid blob
  7235 | Slime:1  | Reached skill level 11 in Stealth
  7245 | Lair:6   | Killed an azure jelly
  7279 | Lair:6   | Got a pair of warped gloves
  7285 | Lair:6   | Identified the +1 pair of gloves of Yfrita {rCorr} (You acquired it on level 6 of the Lair of Beasts)
  7343 | Lair:6   | Reached XP level 16. HP: 114/122 MP: 7/31
  7394 | Lair:6   | Identified the +0 cloak of a Million Curses {rElec rC- Int-4 Stlth+} (You found it on level 6 of the Lair of Beasts)
  7517 | Slime:1  | Killed an acid blob
  7703 | Slime:2  | Gained mutation: You occasionally shout uncontrollably at your foes. [a shining eye]
  7733 | Slime:2  | Noticed an acid blob
  7739 | Slime:2  | Killed an acid blob
  7777 | Slime:2  | Noticed an azure jelly
  7791 | Slime:2  | Killed an azure jelly
  7791 | Slime:2  | Reached skill level 9 in Conjurations
  7791 | Slime:2  | Reached skill level 9 in Hexes
  7791 | Slime:2  | Reached skill level 9 in Charms
  7791 | Slime:2  | Reached skill level 9 in Summonings
  7791 | Slime:2  | Reached skill level 9 in Translocations
  7791 | Slime:2  | Reached skill level 9 in Transmutations
  7791 | Slime:2  | Reached skill level 9 in Fire Magic
  7791 | Slime:2  | Reached skill level 9 in Ice Magic
  7791 | Slime:2  | Reached skill level 9 in Air Magic
  7791 | Slime:2  | Reached skill level 9 in Earth Magic
  7791 | Slime:2  | Reached skill level 9 in Poison Magic
  7882 | Slime:3  | Noticed an azure jelly
  7882 | Slime:3  | Noticed an azure jelly
  7882 | Slime:3  | Noticed an azure jelly
  7882 | Slime:3  | Noticed an acid blob
  7884 | Slime:3  | Noticed an acid blob
  7884 | Slime:3  | Noticed an azure jelly
  7885 | Slime:3  | Killed an azure jelly
  7885 | Slime:3  | Killed an azure jelly
  7886 | Slime:3  | Killed an azure jelly
  7886 | Slime:3  | Killed an acid blob
  7887 | Slime:3  | Noticed an azure jelly
  7887 | Slime:3  | Killed an azure jelly
  7887 | Slime:3  | Killed an acid blob
  7897 | Slime:2  | Killed an azure jelly
  7908 | Slime:2  | Noticed an acid blob
  7916 | Slime:2  | HP: 9/124 [acid blob (34)]
  7916 | Slime:2  | HP: 4/124 [acid (5)]
  7921 | Slime:2  | Killed an acid blob
  7958 | Slime:3  | Noticed an acid blob
  8010 | Slime:3  | Reached skill level 11 in Fighting
  8010 | Slime:3  | Reached skill level 11 in Short Blades
  8010 | Slime:3  | Reached skill level 11 in Long Blades
  8010 | Slime:3  | Reached skill level 11 in Axes
  8010 | Slime:3  | Reached skill level 11 in Maces & Flails
  8010 | Slime:3  | Reached skill level 11 in Polearms
  8010 | Slime:3  | Reached skill level 11 in Staves
  8010 | Slime:3  | Reached skill level 11 in Slings
  8010 | Slime:3  | Reached skill level 11 in Bows
  8010 | Slime:3  | Reached skill level 11 in Crossbows
  8010 | Slime:3  | Reached skill level 11 in Throwing
  8010 | Slime:3  | Reached skill level 11 in Armour
  8010 | Slime:3  | Reached skill level 11 in Shields
  8010 | Slime:3  | Reached skill level 11 in Unarmed Combat
  8010 | Slime:3  | Reached skill level 11 in Evocations
  8021 | Slime:3  | Killed an acid blob
  8023 | Slime:3  | Noticed an azure jelly
  8034 | Slime:3  | Killed an azure jelly
  8034 | Slime:3  | Reached skill level 12 in Spellcasting
  8034 | Slime:3  | Reached XP level 17. HP: 114/131 MP: 9/33
  8050 | Slime:3  | Noticed an acid blob
  8081 | Slime:4  | Noticed an acid blob
  8091 | Slime:4  | Noticed an acid blob
  8098 | Slime:4  | Reached skill level 12 in Invocations
  8109 | Slime:4  | Killed an acid blob
  8110 | Slime:4  | Killed an acid blob
  8110 | Slime:4  | Reached skill level 12 in Dodging
  8139 | Slime:5  | Entered Level 5 of the Pits of Slime
  8146 | Slime:5  | Noticed an acid blob
  8213 | Slime:5  | Killed an acid blob
  8218 | Slime:5  | Found a viscous altar of Jiyva.
  8223 | Slime:5  | Noticed the Royal Jelly
  8224 | Slime:5  | Noticed an acid blob
  8234 | Slime:5  | Killed an acid blob
  8238 | Slime:5  | Noticed an acid blob
  8241 | Slime:5  | Noticed an acid blob
  8245 | Slime:5  | Killed an acid blob
  8251 | Slime:5  | Killed an acid blob
  8252 | Slime:5  | Noticed an acid blob
  8255 | Slime:5  | Killed the Royal Jelly
  8255 | Slime:5  | Reached skill level 12 in Stealth
  8255 | Slime:5  | Noticed an acid blob
  8261 | Slime:5  | Noticed an acid blob
  8267 | Slime:5  | Killed an acid blob
  8271 | Slime:5  | Killed an acid blob
  8278 | Slime:5  | Noticed an acid blob
  8279 | Slime:5  | Killed an acid blob
  8282 | Slime:5  | Killed an acid blob
  8315 | Slime:5  | Got an ivory war axe
  8316 | Slime:5  | Identified the +3 war axe "Uterej" {flame, Int+2} (You found it on level 5 of the Pits of Slime)
  8355 | Slime:5  | Got a slimy rune of Zot
  8372 | Slime:5  | Noticed an acid blob
  8381 | Slime:5  | Identified Dulunius's Disquisition on Flamy Summoning
  8388 | Slime:5  | Killed an acid blob
  8400 | Slime:5  | Noticed an acid blob
  8415 | Slime:5  | Killed an acid blob
  8461 | Slime:5  | Noticed an acid blob
  8465 | Slime:5  | Killed an acid blob
  8497 | Slime:5  | Identified the +8 broad axe of the Wilderness {chop, rC+ rN+ SInv} (You found it on level 5 of the Pits of Slime)
  8507 | Slime:5  | Learned a level 5 spell: Aura of Abjuration
  8616 | Slime:1  | Noticed an acid blob
  8646 | Lair:5   | Noticed Squigly's ghost (journeyman MiBe)
  8662 | Lair:5   | Killed Squigly's ghost
  8712 | Lair:3   | Reached skill level 12 in Necromancy
  8873 | D:13     | Learned a level 5 spell: Blade Hands
  8876 | Vaults:1 | Entered Level 1 of the Vaults
  8904 | Vaults:1 | Slain by a vault warden

Vault maps used:
D:1:      grunt_arrival_crossed_arrows
D:2:      gammafunk_temple_overflow_wave, elyvilon_altar_5, minmay_door_square
D:3:      chequers_temple_overflow_statue_of_worship
D:4:      serial_shops, shop, first_ration
D:5:      old_standard_altar, gammafunk_temple_overflow_elements,
          small_statue_intersection, amethyst_killhole,
          kennysheep_pointless_box, hangedman_abyss_or_decor_jellyfish_corner
D:7:      minmay_temple_entry_trees
D:8:      nicolae_overflow_crystal_walls, nicolae_ossuary_entry_monument
D:9:      lemuel_coloured_pillars_altar, erik_lair_dragon, basic_altar,
          the_bakery, uniq_joseph, uniq_grum
D:12:     orc_0_dummy, lab_entry_generic, okawaru_humans
D:13:     david_vaults_4
D:14:     grunt_tough_drop
D:15:     grunt_enter_depths_magical_seal, serial_bayou_lagoon_a, uniq_sonja,
          uniq_rupert
Temple:   eino_wide_crystal_templ
Lair:1:   kennysheep_rathole
Lair:2:   elwin_shoals_entry_rocks, nicolae_spider_entry_non_spiders,
          lemuel_fruit_tree
Lair:5:   grunt_megastairs_4
Lair:6:   evilmike_catoblepas_cave, slime_altar_1, infiniplex_staircase_pool_2
Shoals:1: serial_shops, shop
Shoals:2: yaktaur_hedge
Shoals:4: shoals_end_grunt_garden, shoal_ilsuiw, nicolae_shoals_loop_pool,
          uniq_aizul, uniq_donald
Spider:1: cheibrodos_forgotten_conduit
Spider:2: uniq_roxanne
Spider:3: spider_trap
Spider:4: grunt_spider_rune_circles
Slime:2:  cheibrodos_slime_lost_civilization_9
Slime:3:  special_room
Orc:1:    uniq_erica
Orc:2:    st_orc_rangers, basic_altar
Vaults:1: minmay_guarded_unrand_secular_launcher, hangedman_vaults_river_flow,
          grunt_vaults_swirl, hangedman_vaults_stagger,
          nicolae_vaults_border_crossing, nicolae_vaults_little_squares_2,
          vaults_mumra_chevron, v_pattern_4, vaults_room_corners,
          nicolae_vaults_ring_of_whatevers, nicolae_vaults_big_angled_halls,
          serial_shops, shop_fountains, uniq_asterion
Lab:      nicolae_lab_arrow, nicolae_lab_do_over, nicolae_lab_checkerboard,
          nicolae_lab_x, nicolae_lab_starburst, labyrinth_skeletal_remains,
          nicolae_lab_garden, lab_statue, nicolae_lab_plus, labyrinth_lava_lair,
          nicolae_lab_grate, nicolae_lab_t_cross
Ossuary:  ossuary_kennysheep_city_of_the_dead

Skill      XL: |  1  2  3  4  5  6  7  8  9 10 11 12 13 14 15 16 17 |
---------------+----------------------------------------------------+-----
Spellcasting   | 5 6 7 8 9 10 11 12 | 12.5
Invocations    | 1 2 3 4 5 6 7 8 9 10 11 12 | 12.5
Fighting       | 1 2 3 4 5 6 7 8 9 10 11 | 11.6
Short Blades   | 1 2 3 4 5 6 7 8 9 10 11 | 11.6
Long Blades    | 1 2 3 4 5 6 7 8 9 10 11 | 11.6
Axes           | 1 2 3 4 5 6 7 8 9 10 11 | 11.6
Maces & Flails | 1 2 3 4 5 6 7 8 9 10 11 | 11.6
Polearms       | 1 2 3 4 5 6 7 8 9 10 11 | 11.6
Staves         | 1 2 3 4 5 6 7 8 9 10 11 | 11.6
Slings         | 1 2 3 4 5 6 7 8 9 10 11 | 11.6
Bows           | 1 2 3 4 5 6 7 8 9 10 11 | 11.6
Crossbows      | 1 2 3 4 5 6 7 8 9 10 11 | 11.6
Throwing       | 1 2 3 4 5 6 7 8 9 10 11 | 11.6
Armour         | 1 2 3 4 5 6 7 8 9 10 11 | 11.6
Shields        | 1 2 3 4 5 6 7 8 9 10 11 | 11.6
Unarmed Combat | 1 2 3 4 5 6 7 8 9 10 11 | 11.6
Evocations     | 1 2 3 4 5 6 7 8 9 10 11 | 11.7
Conjurations   | 1 2 3 4 5 6 7 8 9 |  9.9
Hexes          | 1 2 3 4 5 6 7 8 9 |  9.9
Charms         | 1 2 3 4 5 6 7 8 9 |  9.9
Summonings     | 1 2 3 4 5 6 7 8 9 |  9.9
Translocations | 1 2 3 4 5 6 7 8 9 |  9.9
Transmutations | 1 2 3 4 5 6 7 8 9 |  9.9
Fire Magic     | 1 2 3 4 5 6 7 8 9 |  9.9
Ice Magic      | 1 2 3 4 5 6 7 8 9 |  9.9
Air Magic      | 1 2 3 4 5 6 7 8 9 |  9.9
Earth Magic    | 1 2 3 4 5 6 7 8 9 |  9.9
Poison Magic   | 1 2 3 4 5 6 7 8 9 |  9.9
Dodging        | 5 6 7 8 9 10 11 12 | 12.3
Stealth        | 5 6 7 8 9 10 11 12 | 12.2
Necromancy     | 8 9 10 11 12 | 12.0

Action                   |  1- 3 |  4- 6 |  7- 9 | 10-12 | 13-15 | 16-18 || total
-------------------------+-------+-------+-------+-------+-------+-------++-------
Melee: Dagger            |     1 |    11 |    20 |     5 |    24 |    22 ||    83
       Unarmed           |     1 |       |       |       |       |       ||     1
       Quarterstaff      |       |    26 |    87 |       |       |       ||   113
       Bite              |       |     4 |    52 |    48 |   128 |    78 ||   310
       Mace              |       |       |   153 |       |   374 |   240 ||   767
       Punch             |       |       |     3 |       |       |       ||     3
       Morningstar       |       |       |    25 |   159 |    12 |       ||   196
       Scimitar          |       |       |       |     3 |       |       ||     3
       Broad axe         |       |       |       |       |    64 |    45 ||   109
 Fire: Hunting sling     |       |     8 |       |       |       |       ||     8
Throw: Tomahawk          |       |       |       |     7 |     9 |    22 ||    38
 Cast: Pain              |    37 |    46 |    34 |     2 |       |       ||   119
       Vampiric Draining |     1 |     2 |     9 |     2 |     8 |       ||    22
       Regeneration      |       |     1 |     6 |     5 |    14 |    11 ||    37
       Animate Skeleton  |       |       |     8 |     5 |     1 |       ||    14
       Borgnjor's Vile C |       |       |     6 |    30 |    59 |     9 ||   104
       Animate Dead      |       |       |       |     3 |    10 |     2 ||    15
       Apportation       |       |       |       |    26 |   110 |    23 ||   159
       Summon Lightning  |       |       |       |       |     2 |    19 ||    21
       Fireball          |       |       |       |       |     2 |     4 ||     6
       Sticky Flame      |       |       |       |       |     1 |     2 ||     3
       Bolt of Fire      |       |       |       |       |       |     9 ||     9
Invok: Slouch            |       |       |       |     5 |     7 |    14 ||    26
       Bend Time         |       |       |       |       |     1 |     1 ||     2
Evoke: Wand              |       |     3 |     7 |    13 |    40 |    10 ||    73
  Use: Scroll            |     1 |     1 |     8 |     9 |    19 |    15 ||    53
       Potion            |       |     1 |       |     2 |     7 |    18 ||    28
 Stab: Sleeping          |     1 |     5 |    15 |     4 |    24 |     9 ||    58
       Distracted        |       |       |       |     4 |     8 |    11 ||    23
       Betrayed ally     |       |       |       |       |     1 |       ||     1
       Paralysed         |       |       |       |       |     3 |    10 ||    13
  Eat: Chunk             |       |     1 |     4 |     3 |     1 |       ||     9
       Ration            |       |     1 |       |     1 |     3 |     4 ||     9
Armor: Leather armour    |       |     8 |    79 |    18 |       |       ||   105
       Robe              |       |     1 |       |       |       |       ||     1
       Troll leather arm |       |       |       |       |   131 |    50 ||   181
Dodge: Dodged            |     4 |    37 |   330 |   248 |   615 |   238 ||  1472
       Deflected         |       |       |       |     5 |     6 |    22 ||    33
Block: Buckler           |       |       |    44 |    74 |       |       ||   118
       Shield            |       |       |       |    45 |   506 |   282 ||   833

Table legend:
 A = Spawn XP
 B = Non-spawn XP
 C = Spawn XP percentage of total XP
 D = Spawn monster count
 E = Non-spawn monster count
 F = Spawn count percentage of total count
 G = Total turns spent on level
                    A         B        C        D         E        F      G
               +---------+---------+-------+---------+---------+-------+---------
         Total |       0 |  236118 |   0.0 |       0 |     691 |   0.0 |  8904
               +---------+---------+-------+---------+---------+-------+---------
           D:1 |       0 |       9 |   0.0 |       0 |       7 |   0.0 |   305
           D:2 |       0 |       9 |   0.0 |       0 |       5 |   0.0 |   211
           D:3 |       0 |     123 |   0.0 |       0 |      17 |   0.0 |   344
           D:4 |       0 |     518 |   0.0 |       0 |      24 |   0.0 |   454
           D:5 |       0 |     225 |   0.0 |       0 |       7 |   0.0 |   204
           D:6 |       0 |     315 |   0.0 |       0 |       7 |   0.0 |   255
           D:7 |       0 |     252 |   0.0 |       0 |       8 |   0.0 |   164
           D:8 |       0 |     934 |   0.0 |       0 |      22 |   0.0 |   520
           D:9 |       0 |    2728 |   0.0 |       0 |      31 |   0.0 |   558
          D:10 |       0 |     135 |   0.0 |       0 |       2 |   0.0 |   146
          D:11 |       0 |    3694 |   0.0 |       0 |       8 |   0.0 |   202
          D:12 |       0 |   10196 |   0.0 |       0 |      37 |   0.0 |   335
          D:13 |       0 |    5087 |   0.0 |       0 |      14 |   0.0 |   272
          D:14 |       0 |    2598 |   0.0 |       0 |      11 |   0.0 |   208
          D:15 |       0 |   11212 |   0.0 |       0 |      28 |   0.0 |   355
        Lair:1 |       0 |     411 |   0.0 |       0 |       1 |   0.0 |    71
        Lair:2 |       0 |    1503 |   0.0 |       0 |       9 |   0.0 |   144
        Lair:3 |       0 |    4316 |   0.0 |       0 |      14 |   0.0 |    78
        Lair:4 |       0 |     143 |   0.0 |       0 |       1 |   0.0 |    36
        Lair:5 |       0 |    4436 |   0.0 |       0 |      11 |   0.0 |    73
        Lair:6 |       0 |   17086 |   0.0 |       0 |      46 |   0.0 |   433
      Shoals:1 |       0 |     797 |   0.0 |       0 |       2 |   0.0 |    44
      Shoals:2 |       0 |     199 |   0.0 |       0 |       1 |   0.0 |    49
      Shoals:3 |       0 |    5620 |   0.0 |       0 |      10 |   0.0 |   114
      Shoals:4 |       0 |    8406 |   0.0 |       0 |      12 |   0.0 |   121
      Spider:1 |       0 |   10180 |   0.0 |       0 |      34 |   0.0 |   253
      Spider:2 |       0 |    1185 |   0.0 |       0 |       5 |   0.0 |    81
      Spider:3 |       0 |    5143 |   0.0 |       0 |      18 |   0.0 |   195
      Spider:4 |       0 |   28903 |   0.0 |       0 |      62 |   0.0 |   445
       Slime:1 |       0 |    5347 |   0.0 |       0 |       9 |   0.0 |    75
       Slime:2 |       0 |   12689 |   0.0 |       0 |      26 |   0.0 |   314
       Slime:3 |       0 |   27696 |   0.0 |       0 |      30 |   0.0 |    83
       Slime:4 |       0 |   12012 |   0.0 |       0 |      18 |   0.0 |   104
       Slime:5 |       0 |   37785 |   0.0 |       0 |      34 |   0.0 |   422
         Orc:1 |       0 |    2914 |   0.0 |       0 |      30 |   0.0 |   150
         Orc:2 |       0 |    9396 |   0.0 |       0 |      67 |   0.0 |   434
           Lab |       0 |    1848 |   0.0 |       0 |       6 |   0.0 |   296
       Ossuary |       0 |      68 |   0.0 |       0 |      17 |   0.0 |   262
               +---------+---------+-------+---------+---------+-------+---------

Table legend:
 A = Turns spent in this place as a percentage of turns spent in the entire game.
 B = Non-inter-level travel turns spent in this place as a percentage of non-inter-level travel turns spent in the entire game.
 C = Inter-level travel turns spent in this place as a percentage of turns spent in this place.
 D = Turns resting spent in this place as a percentage of non-inter-level travel turns spent in this place.
 E = Turns spent auto-exploring this place as a percentage of non-inter-level travel turns spent in this place.
 F = Non-inter-level travel turns spent in this place divided by the number of levels of this place that you've seen.
                   A       B       C       D       E      F
               +-------+-------+-------+-------+-------+----------------------
         Total | 100.0 | 100.0 |   1.7 |   0.8 |   0.0 | 218.8
       Dungeon |  50.9 |  50.7 |   2.1 |   0.0 |   0.0 | 296.0
        Temple |   0.7 |   0.5 |  31.8 |   0.0 |   0.0 |  45.0
          Lair |   9.4 |   9.2 |   3.2 |   0.0 |   0.0 | 134.7
        Shoals |   3.7 |   3.7 |   0.0 |   0.0 |   0.0 |  82.0
   Spider Nest |  10.9 |  11.1 |   0.0 |   0.0 |   0.0 | 243.5
    Slime Pits |  11.2 |  11.4 |   0.0 |   6.6 |   0.0 | 199.6
  Orcish Mines |   6.6 |   6.6 |   1.7 |   0.0 |   0.0 | 287.0
        Vaults |   0.3 |   0.3 |   0.0 |   0.0 |   0.0 |  28.0
     Labyrinth |   3.3 |   3.4 |   0.0 |   0.0 |   0.0 | 296.0
       Ossuary |   2.9 |   3.0 |   0.0 |   0.0 |   0.0 | 262.0
               +-------+-------+-------+-------+-------+----------------------

Table legend:
 A = Kills in this place as a percentage of kills in entire the game.
 B = Kills by you in this place as a percentage of kills by you in the entire game.
 C = Kills by friends in this place as a percentage of kills by friends in the entire game.
 D = Other kills in this place as a percentage of other kills in the entire game.
 E = Experience gained in this place as a percentage of experience gained in the entire game.
 F = Experience gained in this place divided by the number of levels of this place that you have seen.
                   A       B       C       D       E      F
               +-------+-------+-------+-------+-------+----------------------
         Total | 100.0 | 100.0 | 100.0 | 100.0 | 100.0 | 5903.0
       Dungeon |  33.0 |  34.1 |  23.6 |  33.3 |  16.1 | 2535.7
          Lair |  11.9 |  11.9 |  12.5 |   0.0 |  11.8 | 4649.2
        Shoals |   3.6 |   4.1 |   0.0 |   0.0 |   6.4 | 3755.5
   Spider Nest |  17.2 |  16.2 |  26.4 |   0.0 |  19.2 | 11352.8
    Slime Pits |  16.9 |  15.4 |  27.8 |  66.7 |  40.5 | 19105.8
  Orcish Mines |  14.0 |  14.6 |   9.7 |   0.0 |   5.2 | 6155.0
     Labyrinth |   0.9 |   1.0 |   0.0 |   0.0 |   0.8 | 1848.0
       Ossuary |   2.5 |   2.8 |   0.0 |   0.0 |   0.0 |  68.0
               +-------+-------+-------+-------+-------+----------------------

Vault maps used:
D:1:      grunt_arrival_crossed_arrows
D:2:      gammafunk_temple_overflow_wave, elyvilon_altar_5, minmay_door_square
D:3:      chequers_temple_overflow_statue_of_worship
D:4:      serial_shops, shop, first_ration
D:5:      old_standard_altar, gammafunk_temple_overflow_elements,
          small_statue_intersection, amethyst_killhole,
          kennysheep_pointless_box, hangedman_abyss_or_decor_jellyfish_corner
D:7:      minmay_temple_entry_trees
D:8:      nicolae_overflow_crystal_walls, nicolae_ossuary_entry_monument
D:9:      lemuel_coloured_pillars_altar, erik_lair_dragon, basic_altar,
          the_bakery, uniq_joseph, uniq_grum
D:12:     orc_0_dummy, lab_entry_generic, okawaru_humans
D:13:     david_vaults_4
D:14:     grunt_tough_drop
D:15:     grunt_enter_depths_magical_seal, serial_bayou_lagoon_a, uniq_sonja,
          uniq_rupert
Temple:   eino_wide_crystal_templ
Lair:1:   kennysheep_rathole
Lair:2:   elwin_shoals_entry_rocks, nicolae_spider_entry_non_spiders,
          lemuel_fruit_tree
Lair:5:   grunt_megastairs_4
Lair:6:   evilmike_catoblepas_cave, slime_altar_1, infiniplex_staircase_pool_2
Shoals:1: serial_shops, shop
Shoals:2: yaktaur_hedge
Shoals:4: shoals_end_grunt_garden, shoal_ilsuiw, nicolae_shoals_loop_pool,
          uniq_aizul, uniq_donald
Spider:1: cheibrodos_forgotten_conduit
Spider:2: uniq_roxanne
Spider:3: spider_trap
Spider:4: grunt_spider_rune_circles
Slime:2:  cheibrodos_slime_lost_civilization_9
Slime:3:  special_room
Orc:1:    uniq_erica
Orc:2:    st_orc_rangers, basic_altar
Vaults:1: minmay_guarded_unrand_secular_launcher, hangedman_vaults_river_flow,
          grunt_vaults_swirl, hangedman_vaults_stagger,
          nicolae_vaults_border_crossing, nicolae_vaults_little_squares_2,
          vaults_mumra_chevron, v_pattern_4, vaults_room_corners,
          nicolae_vaults_ring_of_whatevers, nicolae_vaults_big_angled_halls,
          serial_shops, shop_fountains, uniq_asterion
Lab:      nicolae_lab_arrow, nicolae_lab_do_over, nicolae_lab_checkerboard,
          nicolae_lab_x, nicolae_lab_starburst, labyrinth_skeletal_remains,
          nicolae_lab_garden, lab_statue, nicolae_lab_plus, labyrinth_lava_lair,
          nicolae_lab_grate, nicolae_lab_t_cross
Ossuary:  ossuary_kennysheep_city_of_the_dead
